Map: 포트 알렉산더 - 래더

Players

Dear - Winner!

  • Race: Protoss Protoss
  • Spawn Location: 5:00

Bunny

  • Race: Terran Terran
  • Spawn Location: 11:00

Event: IEM Season 13: Katowice (2019)

VOD

Have the link to the VOD?

Description

Time

  • Played on: March 1, 2019, 1:09 p.m.
  • Length: 13:10

All games in this series

Show
View Real Time Build Order
Export as new Build Order

Dear Protoss - Winner!

Build Orders: 1 Gate Expand, Blink Stalkers 

Get SALT Encoding   

  12  0:00  Probe  
  13  0:12  Probe  
  14  0:18  Pylon  
  14  0:24  Probe  
  15  0:33  Probe  
  15  0:38  Gateway  
  15  0:41  Probe  
  16  0:48  Assimilator  
  17  0:51  Probe  
  18  1:03  Probe  
  19  1:15  Probe  
  20  1:27  Cybernetics Core  
  20  1:35  Nexus  
  20  1:44  Pylon  
  20  1:46  Probe  
  21  1:50  Assimilator  
  21  1:54  Adept  
  21  1:58  Probe  
  22  2:05  Warp Gate  
  24  2:10  Probe  
  24  2:14  Stalker  
  25  2:22  Probe  
  27  2:34  Probe  
  27  2:35  Stalker  
  28  2:46  Probe  
  28  2:47  Twilight Council, Probe  
  32  2:58  Probe  
  32  2:59  Probe  
  34  3:08  Probe  
  34  3:10  Probe  
  34  3:16  Probe  
  34  3:23  Probe, Blink  
  34  3:25  Probe  
  36  3:29  Gateway  
  36  3:32  Gateway  
  37  3:35  Probe  
  37  3:37  Probe  
  39  3:47  Probe x2, Robotics Facility  
  40  3:52  Pylon  
  40  3:54  Assimilator  
  40  3:55  Probe  
  41  3:56  Assimilator  
  41  3:59  Probe  
  43  4:03  Probe  
  43  4:08  Forge  
  44  4:11  Probe  
  44  4:12  Stalker  
  44  4:16  Probe  
  48  4:23  Probe, Pylon  
  49  4:28  Probe  
  49  4:29  Observer  
  50  4:32  Templar Archives  
  50  4:35  Probe  
  52  4:40  Protoss Ground Armor Level 1  
  52  4:46  Gateway  
  52  4:47  Gateway  
  52  4:52  Gateway  
  52  4:53  Warp Prism  
  54  5:07  Psionic Storm  
  54  5:08  Charge  
  54  5:15  Nexus  
  54  5:19  Pylon  
  54  5:26  High Templar  
  56  5:28  Pylon  
  56  5:34  High Templar  
  57  5:43  Gateway  
  57  5:44  Gateway, Sentry, Zealot  
  57  5:47  Zealot  
  63  5:50  Zealot  
  65  6:05  High Templar  
  65  6:07  Stalker  
  65  6:09  Zealot x2  
  73  6:12  Protoss Ground Armor Level 2  
  73  6:13  Pylon  
  73  6:16  High Templar  
  73  6:17  Immortal  
  75  6:26  Zealot  
  75  6:30  Zealot  
  75  6:31  Probe x3  
  86  6:43  Zealot x2, Probe  
  91  7:00  Pylon  
  91  7:01  Probe x3  
  94  7:03  Stalker x3  
  96  7:13  Probe  
  96  7:14  Probe x2  
  95  7:16  Pylon  
  95  7:22  High Templar x2  
  99  7:25  Zealot x2, Pylon  
  99  7:26  Probe x2  
  99  7:28  Observer  
  106  7:30  Probe  
  106  7:35  Assimilator  
  107  7:37  Pylon  
  107  7:38  Probe x2, Assimilator  
  109  7:49  Pylon  
  107  7:55  Probe x2  
  107  7:56  Stalker x5  
  107  8:01  Zealot x2  
  111  8:07  Protoss Ground Weapons Level 1  
  96  8:15  Probe x2  
  96  8:16  Probe  
  95  8:27  Probe  
  95  8:28  Probe x2  
  95  8:32  Zealot x3  
  95  8:33  Zealot x4  
  95  8:34  Zealot  
  110  8:53  Immortal, Robotics Bay  
  112  9:00  High Templar  
  112  9:01  High Templar  
  112  9:03  Stalker  
  112  9:04  Stalker x2  
  112  9:05  Zealot x2  
  112  9:06  Zealot  
  118  9:15  Photon Cannon  
  118  9:21  Robotics Facility  
  118  9:26  Colossus  
  116  9:44  Extended Thermal Lance  
  118  9:46  Protoss Ground Weapons Level 2  
  118  9:47  High Templar x2  
  118  9:48  Zealot x6  
  118  9:50  Pylon  
  118  9:51  Pylon  
  130  9:53  Pylon  
  130  10:01  Colossus  
  131  10:23  Colossus  
  131  10:27  Nexus  
  137  10:30  Pylon  
  137  10:34  Photon Cannon  
  137  10:38  Zealot x4  
  137  10:40  Pylon  
  143  10:48  Stalker x3  
  106  11:13  High Templar x2  
  106  11:14  High Templar x2  
  106  11:17  Stalker x4  
  116  11:21  Probe x3  
  119  11:34  Observer  
  120  11:44  Zealot x3  
  120  11:45  Zealot  
  120  11:46  High Templar x2  
  120  11:47  Zealot x2  
  136  11:49  Observer  
  136  11:50  Archon  
  131  12:15  Stalker x6  
  119  12:23  Stalker x7  
  131  12:36  Nexus  
  122  12:48  High Templar x4  
  122  12:49  Zealot x4  
  138  12:52  Archon x2  
  138  12:56  Probe x3  
Show
View Real Time Build Order
Export as new Build Order

Bunny Terran 

Build Orders:  

Get SALT Encoding   

  12  0:00  SCV  
  13  0:12  SCV  
  14  0:17  Supply Depot  
  14  0:25  SCV  
  15  0:28  Refinery  
  15  0:39  SCV  
  16  0:45  Barracks  
  16  0:51  SCV  
  17  1:03  SCV  
  18  1:15  SCV  
  19  1:27  SCV  
  20  1:36  Reaper  
  21  1:40  Orbital Command  
  21  1:49  Command Center  
  21  2:02  Factory  
  21  2:05  SCV  
  22  2:08  Barracks Reactor  
  22  2:14  Supply Depot  
  22  2:17  SCV  
  22  2:21  Refinery  
  23  2:36  SCV  
  24  2:45  Marine x2  
  24  2:46  Hellion  
  24  2:48  SCV  
  28  3:00  SCV  
  28  3:02  Barracks, Orbital Command  
  28  3:03  Marine  
  30  3:06  Marine  
  30  3:11  Orbital Command  
  30  3:12  SCV  
  32  3:13  Factory Tech Lab  
  32  3:24  SCV  
  32  3:25  Marine x2  
  35  3:34  Cyclone  
  37  3:37  SCV x2  
  37  3:40  Bunker  
  39  3:43  Marine x2  
  41  3:49  Barracks Tech Lab, SCV x2  
  41  3:54  Supply Depot  
  43  4:01  SCV x2  
  45  4:11  Stimpack, Supply Depot, Marine  
  45  4:15  Siege Tank, Marine x2  
  52  4:17  SCV  
  52  4:18  SCV  
  53  4:27  Engineering Bay  
  53  4:29  SCV  
  54  4:32  SCV, Marine  
  54  4:33  Marine x2  
  54  4:36  Supply Depot  
  58  4:42  SCV  
  58  4:44  Starport, SCV  
  60  4:47  Refinery  
  60  4:54  Factory Reactor  
  60  4:56  Supply Depot  
  60  4:57  Terran Infantry Weapons Level 1  
  60  4:59  SCV x2  
  62  5:01  Marine  
  62  5:02  Marine  
  62  5:04  Marauder  
  66  5:10  Barracks  
  66  5:11  SCV  
  66  5:12  SCV  
  68  5:17  Supply Depot  
  68  5:21  Refinery  
  68  5:23  SCV  
  68  5:24  SCV  
  68  5:27  Marauder, Marine x2  
  74  5:39  Medivac x2  
  74  5:40  Factory Reactor  
  78  5:45  Supply Depot, Marine x2  
  78  5:46  Supply Depot  
  78  5:48  Marauder, SCV x2  
  84  5:54  Supply Depot  
  84  5:57  Combat Shield  
  84  6:03  Missile Turret  
  84  6:04  Marauder  
  86  6:06  Marine x2  
  86  6:10  Medivac  
  90  6:14  Missile Turret, Medivac  
  92  6:20  Widow Mine  
  92  6:21  Widow Mine  
  92  6:24  SCV  
  92  6:25  SCV  
  98  6:27  Supply Depot  
  98  6:31  Marauder  
  98  6:32  Marauder, Concussive Shells  
  102  6:35  Marine x2  
  104  6:44  Supply Depot  
  104  6:46  Widow Mine x2  
  108  6:49  Medivac  
  108  6:51  Medivac  
  111  6:56  Marauder, Marine  
  111  6:57  Marine  
  115  7:02  Supply Depot  
  108  7:12  Marauder  
  96  7:17  Command Center  
  96  7:19  Widow Mine  
  96  7:20  Widow Mine  
  100  7:23  Medivac  
  100  7:26  Medivac  
  104  7:33  Marauder, Marine  
  104  7:34  Marauder, Marine  
  110  7:45  SCV x2  
  110  7:54  Widow Mine x2  
  110  7:57  Marauder x2, Marine x2  
  108  8:03  Supply Depot  
  108  8:08  Medivac  
  108  8:09  Medivac  
  109  8:15  Widow Mine x2, Marine x2  
  109  8:16  SCV x2  
  109  8:18  Marauder  
  109  8:19  Marauder  
  113  8:22  Terran Infantry Armor Level 1  
  113  8:27  Barracks x2  
  113  8:33  Marine x2  
  113  8:38  Widow Mine x2  
  113  8:40  Marauder  
  114  8:46  SCV x2  
  114  8:48  Liberator  
  103  8:51  Marauder, Marine  
  103  8:52  Marine  
  103  8:57  Orbital Command  
  103  9:00  Viking  
  103  9:01  Marauder  
  103  9:09  Marine  
  106  9:10  Marine  
  106  9:12  Marauder  
  106  9:14  SCV x2  
  106  9:16  Widow Mine x2  
  116  9:20  Missile Turret  
  116  9:24  Marauder  
  118  9:27  SCV x3, Marine x2  
  121  9:33  Marauder  
  121  9:43  Widow Mine x2  
  121  9:44  Supply Depot  
  121  9:45  Marauder, Marine x2  
  122  9:52  Barracks Tech Lab, Barracks Reactor  
  124  9:55  Marauder, Medivac  
  128  10:03  Marine  
  128  10:06  Marauder  
  131  10:07  Marine  
  131  10:11  Marauder  
  134  10:15  Widow Mine x2  
  134  10:16  Marauder  
  134  10:21  Marine  
  134  10:24  Medivac  
  134  10:25  Medivac, SCV x3  
  134  10:28  Marauder, Marine x2  
  138  10:35  Marauder  
  142  10:37  Marine  
  142  10:38  Marauder  
  142  10:39  Marine  
  145  10:46  Marine  
  145  10:48  Widow Mine x2  
  145  10:49  Marauder  
  147  10:55  Marine x2  
  147  10:56  Marauder, Marine  
  134  10:57  Medivac  
  134  10:59  Marauder  
  125  11:05  Viking  
  120  11:18  Marauder x2, Refinery x2, Marine  
  120  11:19  Marine x3  
  120  11:20  Marauder  
  120  11:21  Widow Mine  
  120  11:24  Widow Mine  
  130  11:29  Viking  
  132  11:36  Marine  
  132  11:39  Viking  
  137  11:40  Marauder  
  137  11:44  Marauder x2, Marine x3  
  142  11:53  SCV x3  
  145  11:54  Marine  
  145  11:57  Supply Depot  
  145  12:01  Marine  
  147  12:07  Viking  
  143  12:09  Viking  
  143  12:11  Marauder x2  
  143  12:12  Marine  
  143  12:19  Marauder, Widow Mine x2  
  141  12:30  Marine x2  
  141  12:31  Marine  
  141  12:32  Marauder x2, Marine  
  135  12:39  Viking  
  135  12:40  Marauder  
  117  12:48  Marine  

Tags
 
Add a new tag
Caveats
  • Supply blocks, unpowered buildings, or Contaminate may cause inaccurate times.
  • Supply counts are checked every 10 seconds.